 Dungeon Crawl Stone Soup version 0.31-a0-175-g9f7f995f2b (webtiles) character file.

Game seed: 325215225827684234

263 Demosthentine the Poker (level 5, -1/41 HPs)
             Began as a Demonspawn Gladiator on June 17, 2023.
             Slain by an ogre
             ... wielding a +0 giant club
              (22 damage)
             ... on level 4 of the Dungeon.
             The game lasted 00:03:29 (2743 turns).

Demosthentine the Poker (Demonspawn Gladiator)      Turns: 2743, Time: 00:03:30

Health: -1/41      AC:  6    Str: 15 (17) XL:     5   Next: 97%
Magic:  5/5        EV: 14    Int:  8 (9)  God:
Gold:   155        SH:  0    Dex: 12 (14) Spells: 4/4 levels left

rFire   . . .        a - +0 trident
rCold   . . .        (no shield)
rNeg    + . .        b - +0 leather armour
rPois   .            c - +0 helmet
rElec   .            (no cloak)
rCorr   .            (no gloves)
SInv    .            m - +1 pair of boots
Will    .....        (no amulet)
Stlth   +            f - ring of positive energy
HPRegen 0.26/turn    (no ring)
MPRegen 0.09/turn

%: no passive effects
@: no status effects
A: repulsion field 1, demonic magic 1, weakness stinger 1
a: no special abilities


You were on level 4 of the Dungeon.
You visited 1 branch of the dungeon, and saw 4 of its levels.

You collected 155 gold pieces.

Inventory:

Hand Weapons
 a - a +0 trident (weapon)
Missiles
 e - a javelin
 l - 6 poisoned darts
Armour
 b - a +0 leather armour (worn)
 c - a +0 helmet (worn)
 m - a +1 pair of boots (worn)
Jewellery
 f - a ring of positive energy (left hand)
Wands
 g - a wand of mindburst (1)
 s - a wand of acid (4)
Scrolls
 h - a scroll of amnesia
Potions
 j - 2 potions of cancellation
 n - 2 potions of lignification
 o - 2 potions of heal wounds


   Skills:
 + Level 3.5 Fighting
 + Level 3.8 Polearms
 - Level 1.7 Throwing
 + Level 2.3 Armour
 + Level 3.8 Dodging


You had 4 spell levels left.
You didn't know any spells.
Your spell library contained the following spells:

 Spells                   Type           Power      Damage    Failure   Level
 Necrotise                Necr           0%         1d4       47%         1
 Sublimation of Blood     Necr           0%         N/A       63%         2
 Ignite Poison            Fire/Tmut/Pois 0%         N/A       85%         3
 Vampiric Draining        Necr           0%         2d6       85%         3
 Petrify                  Tmut/Erth      0%         N/A       99%         4
 Sticky Flame             Conj/Fire      0%         2d3       99%         4
 Agony                    Necr           0%         N/A       100%        5
 Irradiate                Conj/Tmut      0%         3d11      100%        5
 Ignition                 Fire           0%         3d3       100%        8


Dungeon Overview and Level Annotations

Branches:
Dungeon (4/15)
 Temple: D:4-7

Altars:
Fedhas
Kikubaaqudgha
Makhleb
Nemelex Xobeh
Qazlal
Ru
Yredelemnul

Annotations:
D:3 2 transporters, AwFulAwFulPlayer's ghost, amateur FoFi


Innate Abilities, Weirdness & Mutations

You are surrounded by a mild repulsion field. (EV +2)
Spells you cast may paralyse adjacent enemies.
You have a small tail.


Message History

The ogre is moderately wounded.
An ogre is nearby!
You hit the ogre.
The ogre is heavily wounded.
The ogre barely misses you.
An ogre is nearby!
You barely miss the ogre.
The ogre is heavily wounded.
The ogre misses you.
An ogre is nearby!
You hit the ogre.
The ogre is severely wounded.
You hit the ogre.
The ogre is severely wounded.
The ogre barely misses you.
You barely miss the ogre.
You tail-slap the ogre, but do no damage.
The ogre is severely wounded.
The ogre hits you with a +0 giant club!!
Ouch! That really hurt!
You are too injured to fight recklessly!
You are too injured to fight recklessly!
You are too injured to fight recklessly!
Throw: 2 throwing nets
Press: ? - help, Q - select action, (/) - cycle Shift-Dir - straight line, f/p - ogre
Aim: an ogre, wielding a +0 giant club (severely wounded, 73% to hit)
You throw a throwing net.
The throwing net barely misses the ogre.
The ogre barely misses you.
Throw: throwing net
Press: ? - help, Q - select action, (/) - cycle Shift-Dir - straight line, f/p - ogre
Aim: an ogre, wielding a +0 giant club (severely wounded, 73% to hit)
You throw a throwing net.
The throwing net barely misses the ogre.
Unknown command.
You hit the ogre.
The ogre is severely wounded.
The ogre hits you with a +0 giant club!!
Ouch! That really hurt!
You die...

.#............
............. ##
#.(...........#
#...........#.# #
#............. ..
##.....?......#..
....>...##..#...
(.....O@##..†##
##............### .#
###........>...# ...
#...#?.##...#.....##
#.......###.####...
#.##.###...#......###
## #. ##....#.#...# #
####........
#.........#.


You could see an ogre.

Vanquished Creatures
  A scorpion (D:2)
  A hound (D:4)
  Robin (D:2)
  4 gnolls
  4 adders
  A worm (D:3)
  2 dart slugs
  2 orcs (D:3)
  3 ball pythons
  4 endoplasms
  2 giant cockroaches
  12 goblins
  15 hobgoblins
  6 jackals (D:1)
  9 bats
  5 kobolds
  7 rats
79 creatures vanquished.

Notes
Turn   | Place    | Note
-------+----------+-------------------------------------------
     0 | D:1      | Demosthentine the Demonspawn Gladiator began the quest for
                  | the Orb.
     0 | D:1      | Reached XP level 1. HP: 16/16 MP: 1/1
   176 | D:1      | Gained mutation: You are surrounded by a mild repulsion
                  | field. (EV +2) [demonic ancestry]
   176 | D:1      | Reached XP level 2. HP: 22/22 MP: 2/2
   206 | D:1      | You fall into a shaft and drop 1 floor!
   426 | D:2      | Reached skill level 1 in Armour
   426 | D:2      | Reached XP level 3. HP: 28/28 MP: 3/3
   486 | D:2      | Noticed Robin
   504 | D:2      | Killed Robin
   552 | D:2      | Noticed a scorpion
   564 | D:2      | Killed a scorpion
   565 | D:2      | Gained mutation: You have a small tail. [demonic ancestry]
   565 | D:2      | Reached XP level 4. HP: 13/35 MP: 4/4
   838 | D:1      | Gained mutation: Spells you cast may paralyse adjacent
                  | enemies. [demonic ancestry]
   838 | D:1      | Reached XP level 5. HP: 41/41 MP: 5/5
  2092 | D:3      | Noticed an ogre
  2134 | D:3      | Noticed AwFulAwFulPlayer's ghost (amateur FoFi)
  2349 | D:3      | Found a burning altar of Makhleb.
  2352 | D:3      | Found a basalt altar of Yredelemnul.
  2357 | D:3      | Found an ancient bone altar of Kikubaaqudgha.
  2361 | D:3      | Found a stormy altar of Qazlal.
  2361 | D:3      | Found a blossoming altar of Fedhas.
  2404 | D:3      | Found a sacrificial altar of Ru.
  2421 | D:3      | Found a sparkling altar of Nemelex Xobeh.
  2616 | D:3      | Found a transporter.
  2620 | D:3      | Found a transporter.
  2732 | D:4      | Noticed an ogre
  2743 | D:4      | Slain by an ogre

Illustrated notes

Levels and vault maps discovered:
D:1:      elethiomel_arrival_maze, layout_loops_ring
D:2:      layout_loops_corners, minmay_split_cup_small, uniq_robin
D:3:      layout_rooms, mainiacjoe_overflow_chevrons,
          nicolae_overflow_hallway_of_the_gods, serial_curves, eino_curves_02,
          eino_curves_02, eino_curves_04, gammafunk_ghost_smash
D:4:      layout_rooms, minmay_temple_entry_offerings, grunt_decor_resistance,
          minmay_vboxes

Skill      XL: |  1  2  3  4  5 |
---------------+----------------+-----
Polearms       | 3 |  3.8
Armour         | 1 2 |  2.3
Dodging        | 3 |  3.8
Fighting       | 3 |  3.5
Throwing       | |  1.7

Action                     |  1- 3 |  4- 6 || total
---------------------------+-------+-------++-------
  Melee: Trident           |   112 |   163 ||   275
         Tailslap          |       |    22 ||    22
         Punch             |       |     1 ||     1
  Throw: Throwing net      |     2 |     2 ||     4
    Use: Potion            |       |     8 ||     8
         Scroll            |       |     6 ||     6
   Stab: Held in net/web   |     1 |       ||     1
         Sleeping          |       |     1 ||     1
 Armour: Leather armour    |    25 |    35 ||    60
  Dodge: Dodged            |    67 |   120 ||   187

Table legend: (Time is in decaauts)
 A = Elapsed time spent in this place.
 B = Non-inter-level travel time spent in this place.
 C = Inter-level travel time spent in this place.
 D = Time resting spent in this place.
 E = Time spent auto-exploring this place.
 F = Levels seen in this place.
 G = Mean time per level.
                   A        B        C        D        E       F      G
               +--------+--------+--------+--------+--------+-----+--------+
         Total |   2759 |   2677 |     82 |     27 |   2042 |   4 |  689.8 |
       Dungeon |   2759 |   2677 |     82 |     27 |   2042 |   4 |  689.8 |
               +--------+--------+--------+--------+--------+-----+--------+

Top non-repeatable levels by time:
     D:2: 1104 daAuts
     D:1: 1015 daAuts
     D:3: 586 daAuts
     D:4: 53 daAuts
